Map: Paysage nocturne EC

Players

UncleBogdan - Winner!

  • Race: Zerg Zerg
  • Spawn Location: 1:00

Svetodiod - Winner!

  • Race: Protoss Protoss
  • Spawn Location: 1:00

Kasparoo

  • Race: Zerg Zerg
  • League: Platinum
  • Spawn Location: 7:00

Loial

  • Race: Terran Terran
  • League: Gold
  • Spawn Location: 7:00

VOD

Have the link to the VOD?

Description

Time

  • Played on: Nov. 3, 2020, 4:42 p.m.
  • Length: 19:58
Show
View Real Time Build Order
Export as new Build Order

UncleBogdan Zerg - Winner!

Build Orders: Hatch First 

Get SALT Encoding   

  12  0:03  Drone  
  13  0:11  Drone  
  14  0:17  Overlord  
  15  0:35  Drone x2  
  16  0:51  Drone  
  16  0:55  Drone  
  16  0:56  Hatchery  
  17  1:02  Drone  
  18  1:06  Extractor  
  17  1:15  Spawning Pool  
  17  1:18  Drone  
  17  1:23  Drone  
  18  1:29  Overlord  
  19  1:47  Drone  
  19  1:58  Drone  
  20  2:03  Drone  
  20  2:07  Queen x2  
  25  2:09  Zergling x2  
  26  2:15  Zergling x2  
  26  2:19  Zergling x2  
  28  2:23  Metabolic Boost  
  28  2:25  Zergling x2  
  28  2:29  Zergling x2  
  30  2:34  Zergling x2  
  31  2:40  Drone  
  32  2:49  Drone  
  33  2:55  Drone  
  33  2:56  Drone  
  35  3:02  Drone  
  36  3:12  Hatchery  
  34  3:19  Zergling x4  
  36  3:28  Overlord x2  
  36  3:43  Overlord x2  
  36  3:46  Drone x2  
  33  3:58  Zergling x2  
  33  3:59  Zergling x6  
  33  4:00  Drone  
  38  4:06  Zergling x2  
  39  4:13  Zergling x2  
  39  4:16  Zergling x2  
  41  4:26  Drone  
  41  4:27  Drone x2  
  44  4:34  Zergling x2  
  45  4:43  Drone  
  45  4:44  Drone x3  
  49  4:47  Drone x3  
  49  4:50  Queen  
  49  4:51  Queen  
  56  4:59  Zergling x12  
  62  5:04  Drone  
  63  5:08  Evolution Chamber  
  63  5:09  Drone x2  
  63  5:11  Drone x3  
  67  5:17  Zergling x2  
  64  5:28  Zergling x2  
  64  5:29  Zergling x12  
  64  5:48  Zergling x8  
  67  5:57  Zergling x2  
  67  5:58  Zergling x8  
  72  6:05  Zergling x2  
  72  6:06  Zergling x2  
  73  6:25  Zergling x12  
  68  6:32  Zergling x4  
  73  6:39  Zergling x2  
  73  6:48  Hatchery, Queen  
  73  6:51  Zerg Melee Weapons Level 1  
  74  7:01  Overlord  
  74  7:02  Overlord x4  
  74  7:09  Evolution Chamber  
  74  7:15  Baneling Nest  
  75  7:18  Baneling Nest  
  75  7:19  Queen, Drone  
  75  7:20  Drone x6  
  83  7:28  Lair  
  81  7:35  Zergling x8  
  81  7:36  Zergling x2  
  86  7:38  Zerg Ground Armor Level 1  
  86  7:47  Zergling x6  
  89  7:53  Drone  
  75  8:12  Zergling x24  
  83  8:17  Zergling x2  
  78  8:21  Drone  
  78  8:22  Queen  
  81  8:34  Drone x7  
  82  8:37  Zergling x6  
  91  8:41  Zergling x2  
  91  8:42  Zergling x4  
  91  8:44  Zergling x2  
  91  8:46  Zergling x2  
  96  8:55  Zerg Melee Weapons Level 2  
  95  8:57  Zergling x12  
  95  9:02  Zergling x2  
  94  9:03  Zergling x8  
  84  9:13  Zergling x2  
  84  9:14  Zergling x10  
  88  9:20  Zergling x2  
  88  9:21  Zergling x4  
  90  9:33  Extractor  
  89  9:41  Overseer  
  89  9:53  Drone x7  
  89  9:58  Extractor  
  89  9:59  Extractor  
  91  10:08  Baneling  
  91  10:09  Baneling x4  
  87  10:20  Zergling x12  
  87  10:21  Zergling x2  
  91  10:26  Drone  
  91  10:27  Drone x6  
  98  10:42  Extractor  
  97  10:43  Extractor  
  97  10:49  Extractor  
  95  10:51  Drone  
  95  10:52  Extractor, Drone x7  
  102  10:58  Centrifical Hooks  
  102  11:02  Zergling x2  
  102  11:03  Zergling x26  
  116  11:08  Zerg Ground Armor Level 2  
  116  11:10  Overlord  
  116  11:11  Overlord x2  
  116  11:17  Zergling x2  
  116  11:18  Zergling x2  
  117  11:27  Zergling x4  
  116  11:33  Spine Crawler  
  116  11:34  Spine Crawler  
  116  11:37  Zergling x8  
  106  11:41  Baneling x12  
  106  11:42  Baneling  
  106  11:51  Drone x2  
  106  11:52  Drone x7  
  106  11:53  Drone  
  116  12:03  Drone  
  116  12:04  Drone x5  
  122  12:09  Zergling x6  
  122  12:10  Zergling x2  
  125  12:27  Zergling x2  
  125  12:28  Zergling x20  
  100  12:39  Zergling x2  
  100  12:40  Zergling x10  
  104  12:46  Infestation Pit  
  102  12:51  Zergling x2  
  102  12:52  Zergling x10  
  102  12:55  Zergling x2  
  102  12:56  Zergling x4  
  110  13:15  Zergling x16  
  110  13:17  Hatchery  
  112  13:21  Zergling x2  
  112  13:22  Zergling x6  
  98  13:27  Zergling x2  
  98  13:28  Zergling x8  
  98  13:32  Zergling x2  
  97  13:37  Zergling x6  
  96  13:45  Baneling x10  
  96  13:46  Baneling x5  
  96  13:47  Zergling x12  
  95  13:55  Zergling x2  
  84  13:56  Zergling x6  
  72  14:11  Zergling x10  
  72  14:15  Zergling x6  
  67  14:18  Baneling  
  67  14:19  Baneling x15  
  58  14:25  Zergling x8  
  59  14:31  Zergling x2  
  59  14:33  Zergling x2  
  46  14:54  Zergling x4  
  46  14:55  Zergling x12  
  46  14:56  Overlord  
  54  15:01  Hive  
  54  15:02  Zergling x2  
  55  15:10  Zergling x2  
  55  15:11  Zergling x2  
  57  15:24  Drone x7  
  57  15:25  Hatchery  
  57  15:26  Hatchery  
  62  15:28  Queen  
  62  15:34  Zergling x2  
  62  15:35  Zergling x10  
  70  15:45  Zergling x2, Drone  
  70  15:46  Drone  
  73  15:54  Drone x4  
  73  15:56  Drone  
  78  16:12  Drone  
  78  16:13  Hatchery, Drone x4  
  78  16:18  Extractor  
  81  16:20  Drone x5  
  81  16:25  Zergling x2  
  87  16:31  Zergling x2  
  87  16:32  Zergling x8  
  92  16:34  Zerg Ground Armor Level 3  
  92  16:35  Zerg Melee Weapons Level 3  
  92  16:37  Zergling x2  
  93  16:45  Ultralisk Cavern  
  92  16:49  Drone  
  92  16:50  Drone x7  
  92  16:51  Drone x3  
  103  16:57  Extractor  
  102  17:03  Drone  
  102  17:04  Drone x7  
  110  17:12  Overseer  
  110  17:15  Adrenal Glands  
  110  17:17  Zergling x16  
  118  17:27  Drone  
  118  17:28  Drone x5  
  124  17:37  Extractor  
  123  17:39  Extractor  
  123  17:41  Extractor, Drone x2  
  123  17:42  Drone  
  123  17:43  Drone x3  
  123  17:44  Drone  
  128  17:52  Drone x3  
  128  17:53  Drone x3  
  134  18:15  Zergling x2  
  134  18:19  Overlord x7  
  135  18:20  Overlord x2  
  135  18:22  Chitinous Plating  
  135  18:25  Zergling x2  
  135  18:26  Zergling x8  
  140  18:43  Ultralisk x5  
  140  18:44  Baneling  
  140  18:45  Baneling x9  
  140  18:46  Baneling x2  
  140  18:47  Baneling  
  140  18:48  Baneling x2  
  170  19:00  Zergling x2  
  170  19:01  Ultralisk  
  170  19:02  Ultralisk  
  183  19:06  Ultralisk  
  164  19:36  Zergling x6  
  164  19:37  Zergling x14  
Show
View Real Time Build Order
Export as new Build Order

Svetodiod Protoss - Winner!

Build Orders: Oracle Opening 

Get SALT Encoding   

  12  0:31  Probe (Chrono Boost)  
  13  0:39  Pylon  
  13  0:42  Probe (Chrono Boost)  
  14  0:46  Probe (Chrono Boost), Assimilator  
  15  0:50  Assimilator  
  15  0:57  Probe  
  16  1:05  Gateway  
  16  1:09  Probe (Chrono Boost)  
  17  1:20  Probe (Chrono Boost)  
  17  1:25  Probe (Chrono Boost)  
  19  1:35  Probe  
  20  1:48  Probe, Assimilator  
  21  1:54  Assimilator  
  21  2:00  Probe  
  22  2:10  Cybernetics Core  
  22  2:11  Pylon x2  
  22  2:41  Probe (Chrono Boost)  
  23  2:50  Probe (Chrono Boost), Stargate  
  24  2:55  Stargate  
  24  3:01  Assimilator  
  24  3:12  Pylon  
  24  3:40  Oracle (Chrono Boost)  
  30  3:47  Oracle (Chrono Boost)  
  30  3:57  Protoss Air Weapons Level 1  
  30  3:58  Nexus  
  30  4:05  Void Ray (Chrono Boost)  
  34  4:12  Void Ray  
  38  4:33  Probe  
  39  5:09  Probe  
  40  5:26  Void Ray x2  
  48  5:36  Probe (Chrono Boost)  
  49  5:44  Pylon  
  49  5:45  Pylon  
  49  5:46  Pylon, Probe (Chrono Boost)  
  49  5:49  Cybernetics Core  
  50  5:51  Probe (Chrono Boost)  
  28  6:37  Probe (Chrono Boost)  
  28  6:38  Nexus  
  30  6:47  Probe (Chrono Boost)  
  30  6:52  Probe (Chrono Boost)  
  31  7:03  Probe  
  31  7:06  Assimilator  
  32  7:11  Assimilator  
  32  7:12  Protoss Air Armor Level 1  
  32  7:15  Probe (Chrono Boost)  
  33  7:26  Probe (Chrono Boost)  
  34  7:30  Probe (Chrono Boost)  
  35  7:42  Probe  
  36  7:54  Probe  
  37  8:23  Probe  
  38  8:38  Probe (Chrono Boost)  
  38  8:40  Probe (Chrono Boost)  
  41  8:50  Probe (Chrono Boost)  
  41  8:51  Probe (Chrono Boost)  
  41  8:55  Probe (Chrono Boost)  
  42  8:59  Probe  
  44  9:06  Probe  
  45  9:12  Probe  
  43  9:18  Probe  
  43  9:24  Probe  
  45  9:33  Void Ray  
  45  9:37  Fleet Beacon  
  45  9:40  Pylon x2  
  45  9:43  Probe (Chrono Boost)  
  51  9:53  Probe (Chrono Boost)  
  51  9:58  Probe (Chrono Boost)  
  52  10:09  Probe  
  53  10:21  Probe  
  54  10:29  Void Ray x2  
  62  11:04  Probe (Chrono Boost)  
  63  11:06  Void Ray x2  
  63  11:08  Probe (Chrono Boost)  
  64  11:14  Probe (Chrono Boost)  
  64  11:16  Probe (Chrono Boost)  
  74  11:20  Probe (Chrono Boost)  
  74  11:21  Probe (Chrono Boost)  
  76  11:30  Probe  
  77  11:33  Probe  
  78  11:42  Probe  
  78  11:43  Void Ray  
  78  11:45  Probe  
  84  11:56  Nexus  
  84  12:05  Nexus  
  77  12:43  Void Ray x2  
  61  12:56  Stargate x2  
  61  13:09  Probe (Chrono Boost)  
  64  13:20  Probe (Chrono Boost), Void Ray (Chrono Boost)  
  64  13:22  Probe (Chrono Boost)  
  69  13:29  Probe x2 (Chrono Boost)  
  70  13:35  Probe  
  71  13:47  Void Ray (Chrono Boost)  
  71  13:48  Probe  
  76  13:52  Void Ray x2 (Chrono Boost)  
  76  14:00  Void Ray (Chrono Boost)  
  88  14:06  Probe  
  88  14:09  Probe  
  90  14:17  Flux Vanes, Void Ray (Chrono Boost)  
  90  14:18  Probe  
  90  14:21  Probe  
  90  14:22  Void Ray x2 (Chrono Boost)  
  104  14:25  Void Ray (Chrono Boost)  
  104  14:30  Probe  
  109  14:33  Probe  
  110  14:42  Probe  
  111  14:45  Probe  
  103  14:56  Probe (Chrono Boost)  
  95  15:00  Probe (Chrono Boost)  
  95  15:01  Probe (Chrono Boost)  
  94  15:11  Probe (Chrono Boost), Void Ray  
  94  15:12  Void Ray x3  
  95  15:19  Probe (Chrono Boost)  
  112  15:25  Probe (Chrono Boost)  
  112  15:28  Pylon  
  113  15:29  Pylon x2  
  113  15:31  Pylon  
  113  15:33  Twilight Council  
  113  15:34  Probe (Chrono Boost)  
  114  15:40  Probe (Chrono Boost)  
  114  15:41  Assimilator  
  115  15:44  Probe (Chrono Boost)  
  115  15:45  Assimilator  
  115  15:48  Assimilator  
  118  15:50  Probe x2 (Chrono Boost), Assimilator  
  118  15:53  Probe (Chrono Boost)  
  118  15:55  Void Ray x2  
  118  15:56  Probe (Chrono Boost)  
  120  15:58  Probe (Chrono Boost)  
  129  16:06  Probe  
  129  16:09  Probe  
  131  16:12  Gateway x2  
  131  16:15  Gateway  
  132  16:18  Probe  
  132  16:21  Probe  
  132  16:23  Nexus  
  133  16:26  Assimilator  
  133  16:30  Probe  
  133  16:31  Charge (Chrono Boost), Assimilator  
  134  16:33  Probe  
  135  16:42  Probe  
  135  16:45  Probe  
  137  16:49  Forge x2  
  137  16:52  Forge  
  137  16:54  Pylon x2, Probe  
  137  16:56  Pylon  
  137  16:57  Pylon, Probe  
  137  16:58  Pylon x2, Cybernetics Core  
  137  17:01  Pylon  
  139  17:09  Protoss Air Armor Level 2 (Chrono Boost)  
  139  17:10  Protoss Air Weapons Level 2 (Chrono Boost)  
  140  17:16  Probe (Chrono Boost)  
  140  17:17  Probe (Chrono Boost)  
  141  17:26  Void Ray x3  
  141  17:27  Probe (Chrono Boost), Void Ray  
  141  17:28  Probe (Chrono Boost)  
  141  17:29  Warp Gate (Chrono Boost)  
  143  17:32  Probe (Chrono Boost)  
  143  17:36  Protoss Shields Level 1  
  160  17:37  Protoss Ground Armor Level 1  
  160  17:39  Protoss Ground Weapons Level 1  
  161  17:46  Probe (Chrono Boost)  
  161  17:48  Probe (Chrono Boost)  
  162  17:58  Probe (Chrono Boost)  
  164  17:59  Probe (Chrono Boost)  
  164  18:02  Probe (Chrono Boost)  
  165  18:14  Probe  
  165  18:19  Void Ray  
  166  18:20  Void Ray x3  
  166  18:26  Probe  
  183  18:38  Probe  
  184  18:50  Probe  
  185  18:56  Void Ray  
  185  18:58  Void Ray  
  185  18:59  Void Ray  
  190  19:02  Probe  
  198  19:14  Probe  
Show
View Real Time Build Order
Export as new Build Order

Kasparoo Zerg 

Build Orders: Hatch First 

Get SALT Encoding   

  12  0:01  Drone  
  13  0:19  Overlord  
  13  0:20  Drone  
  14  0:38  Drone x2  
  16  0:46  Drone  
  17  1:01  Hatchery  
  16  1:08  Extractor  
  16  1:09  Drone x2  
  17  1:18  Spawning Pool  
  16  1:27  Drone  
  16  1:28  Drone  
  18  1:36  Drone  
  19  1:57  Drone x2  
  21  2:14  Queen x2  
  25  2:16  Drone  
  25  2:17  Drone  
  25  2:20  Metabolic Boost  
  27  2:28  Overlord  
  27  2:32  Drone  
  28  2:49  Zergling x2  
  28  2:50  Zergling x6  
  32  3:03  Zergling x4  
  32  3:04  Zergling x2  
  35  3:09  Overlord  
  35  3:29  Zergling x10  
  35  3:30  Zergling x2  
  41  3:35  Spine Crawler  
  41  3:38  Zergling x2  
  41  3:44  Hatchery  
  33  4:05  Zergling x12  
  39  4:17  Spine Crawler  
  39  4:19  Spine Crawler  
  37  4:31  Queen  
  37  4:33  Zergling x2  
  37  4:34  Zergling x8  
  44  4:43  Overlord x2  
  44  4:51  Spore Crawler  
  43  5:06  Zergling x2  
  49  5:07  Zergling x10  
  44  5:44  Zergling x28  
  39  6:37  Lair  
  32  6:45  Drone  
  32  6:46  Drone x11  
  44  7:19  Extractor  
  43  7:23  Zergling x16  
  43  7:24  Zergling x6  
  54  7:47  Hydralisk Den  
  53  8:01  Zergling x2  
  53  8:02  Zergling x18  
  43  8:21  Hydralisk  
  43  8:22  Hydralisk x6  
  52  8:35  Queen  
  54  8:50  Hydralisk  
  54  8:51  Hydralisk  
  58  8:57  Zergling x2  
  58  8:58  Zergling x14  
  57  9:26  Hydralisk x3  
  63  9:32  Extractor  
  62  9:43  Drone x4  
  66  9:46  Overlord x3  
  66  9:47  Overlord x2  
  66  10:09  Drone  
  66  10:10  Drone x7  
  74  10:33  Hydralisk  
  74  10:34  Hydralisk x6  
  88  10:41  Extractor  
  87  11:05  Extractor  
  87  11:08  Spore Crawler  
  87  11:09  Spore Crawler  
  87  11:10  Hydralisk x6  
  87  11:11  Spore Crawler  
  95  11:20  Grooved Spines  
  95  11:45  Baneling Nest  
  94  12:10  Hydralisk x3  
  94  12:11  Hydralisk x2  
  94  12:13  Zergling x4  
  79  12:41  Zergling x22  
  90  13:03  Hydralisk x6  
  100  13:24  Hydralisk x2  
  83  13:50  Hydralisk x3  
  89  14:02  Zergling x14  
  71  14:17  Zergling x2  
  71  14:18  Zergling x8  
  53  14:53  Hatchery  
  50  15:01  Hydralisk x8  
  66  15:23  Muscular Augments  
  66  15:36  Zergling x4  
  66  15:37  Zergling x14  
  75  15:50  Extractor  
  75  15:55  Hydralisk x5  
  84  16:09  Drone x9  
  93  16:17  Extractor  
  92  16:18  Drone  
  92  16:19  Drone  
  94  16:45  Drone x5  
  99  16:51  Drone x3  
  99  16:52  Drone  
  103  16:57  Hydralisk  
  103  16:58  Hydralisk x2  
  109  17:22  Hatchery  
  108  17:30  Hydralisk  
  108  17:31  Hydralisk  
  108  17:32  Overlord  
  108  17:33  Overlord  
  112  17:48  Roach Warren  
  111  18:02  Hydralisk  
  111  18:03  Hydralisk x7  
  127  18:24  Overlord  
  127  18:25  Overlord x3  
  127  18:38  Drone x3  
  127  18:39  Drone x4  
  134  18:46  Hydralisk x3  
  134  18:47  Hydralisk x2  
  144  19:15  Hydralisk  
  144  19:16  Hatchery, Hydralisk x4  
Show
View Real Time Build Order
Export as new Build Order

Loial Terran 

Build Orders: Mech 

Get SALT Encoding   

  12  0:00  SCV  
  13  0:12  SCV  
  14  0:17  Supply Depot  
  14  0:24  SCV  
  15  0:39  SCV  
  16  0:47  Barracks  
  16  0:51  SCV  
  17  1:00  Refinery  
  17  1:08  SCV  
  18  1:22  SCV  
  19  1:34  Orbital Command  
  19  1:41  Command Center  
  19  1:53  Barracks Tech Lab  
  19  2:15  SCV  
  20  2:21  Factory  
  20  2:33  SCV  
  21  2:45  SCV  
  22  2:53  SCV  
  22  2:57  SCV  
  24  3:05  SCV  
  25  3:10  SCV  
  25  3:21  SCV  
  25  3:31  Siege Tank  
  26  3:36  SCV  
  26  3:38  Orbital Command  
  26  3:49  SCV  
  27  3:57  Refinery  
  27  4:01  SCV  
  28  4:17  Factory  
  28  4:18  Infernal Pre-Igniter  
  28  4:30  SCV x2  
  30  4:42  SCV x2  
  32  4:47  Engineering Bay  
  32  4:50  Barracks Reactor  
  32  4:54  SCV x2  
  20  5:24  SCV x2  
  22  5:35  Missile Turret  
  22  5:36  Missile Turret, SCV x2  
  24  5:48  SCV  
  24  5:49  SCV  
  26  5:59  Refinery  
  26  6:00  SCV  
  26  6:01  SCV  
  28  6:13  SCV x2  
  28  6:15  Refinery  
  30  6:25  SCV x2  
  32  6:29  Factory  
  32  6:31  Factory  
  32  6:36  Hellion x2  
  32  6:37  SCV x2  
  38  7:04  Missile Turret x2  
  38  7:25  Factory  
  38  7:31  Armory  
  38  7:35  Armory  
  38  7:46  Supply Depot  
  38  7:47  Missile Turret  
  38  7:48  Supply Depot  
  38  7:49  Missile Turret, SCV  
  36  8:10  Hellion, Command Center  
  36  8:11  Missile Turret  
  36  8:12  Missile Turret x2  
  39  8:14  Missile Turret, Supply Depot  
  38  8:26  Terran Vehicle Weapons Level 1, Supply Depot  
  38  8:27  Supply Depot  
  38  8:29  Supply Depot  
  38  8:31  Factory Tech Lab x2  
  38  8:34  Factory Reactor  
  38  8:36  Hellion, Siege Tank  
  43  8:51  Hellion  
  43  8:53  Hellion  
  43  8:54  Hellion  
  46  9:13  Hellion x5  
  54  9:23  Thor x2  
  64  9:33  SCV  
  63  9:41  Thor, Hellion x4  
  78  9:45  SCV  
  78  9:57  SCV  
  79  10:23  Hellion x2  
  79  10:24  Hellion  
  85  10:30  Orbital Command  
  85  10:32  SCV  
  86  10:41  Terran Vehicle And Ship Armor Level 1  
  86  11:24  Supply Depot  
  86  11:25  Hellion  
  86  11:27  Supply Depot  
  86  11:36  Hellion  
  86  11:37  Hellion x3, SCV  
  86  11:38  Thor  
  85  11:45  Thor  
  85  11:46  Hellion  
  89  12:33  Hellion x3  
  89  12:34  Thor  
  85  12:37  Thor  
  85  12:45  Hellion  
  87  13:09  Command Center  
  87  13:21  Hellion  
  87  13:26  Hellion  
  87  13:28  Hellion  
  83  13:50  Hellion x2  
  87  14:07  Hellion x2  
  81  14:17  Hellion  
  81  14:37  SCV  
  82  14:45  Hellion  
  84  14:49  SCV  
  61  14:55  Missile Turret  
  61  14:56  Missile Turret  
  61  14:58  Hellion x3  
  67  15:02  Orbital Command  
  59  15:07  Missile Turret  
  59  15:08  Missile Turret  
  59  15:14  SCV  
  59  15:18  Terran Vehicle Weapons Level 2  
  60  15:26  SCV  
  60  15:27  Supply Depot  
  61  15:28  Supply Depot  
  61  15:29  Supply Depot  
  61  15:30  Supply Depot  
  61  15:38  SCV  
  61  15:40  Refinery  
  62  15:50  SCV, Command Center  
  62  15:53  Hellion x2  
  67  16:02  Thor  
  73  16:07  Hellion  
  75  16:12  Smart Servos  
  75  16:21  Hellion  
  75  16:24  SCV  
  78  16:43  SCV  
  79  16:51  SCV  
  80  16:55  Thor, SCV  
  99  17:03  SCV  
  100  17:15  Hellion x2  
  104  17:17  Thor x2  
  104  17:18  Hellion  
  104  17:19  Hellion  
  108  17:30  Missile Turret  
  108  17:31  Orbital Command  
  108  17:37  SCV x2  
  110  17:43  Missile Turret  
  110  17:49  SCV x2  
  112  17:54  Command Center  
  110  18:01  SCV  
  106  18:46  Thor  
  112  19:00  Hellion x2  
  112  19:01  Hellion  
  118  19:07  SCV x2  
  120  19:19  SCV x2  
Tags
 
Add a new tag
Caveats
  • Supply blocks, unpowered buildings, or Contaminate may cause inaccurate times.
  • Supply counts are checked every 10 seconds.